 Dungeon Crawl Stone Soup version 0.21-a0-480-g5da0f0d (webtiles) character file.

37 slep the Skirmisher (level 3, -1/31 HPs)
             Began as a Minotaur Wanderer on Nov 22, 2017.
             Slain by an adder (2 damage)
             ... on level 2 of the Dungeon.
             The game lasted 00:02:48 (697 turns).

slep the Skirmisher (Minotaur Wanderer)              Turns: 697, Time: 00:02:48

Health: -1/31      AC:  5    Str: 17    XL:     3   Next: 21%
Magic:  2/2        EV: 10    Int: 11    God:
Gold:   27         SH:  0    Dex:  7    Spells: 2/2 levels left

rFire    . . .     SeeInvis .   h - +0 club
rCold    . . .     Gourm    .   (no shield)
rNeg     . . .     Faith    .   j - +0 ring mail
rPois    +         Spirit   .   (helmet restricted)
rElec    .         Reflect  .   (no cloak)
rCorr    .         Harm     .   (no gloves)
MR       .....                  (no boots)
Stlth    ..........             (no amulet)
HPRegen  0.10/turn              i - ring of poison resistance
MPRegen  0.08/turn              (no ring)

@: lethally poisoned (-1 -> -4)
A: retaliatory headbutt, horns 2
a: no special abilities


You were on level 2 of the Dungeon.
You were not hungry.

You visited 1 branch of the dungeon, and saw 2 of its levels.

You collected 27 gold pieces.

Inventory:

Hand Weapons
 b - a +2 blowgun
 h - a +0 club (weapon)
Armour
 e - a +0 robe
 j - a +0 ring mail (worn)
Jewellery
 i - a ring of poison resistance (left hand)
Scrolls
 a - a scroll of enchant weapon {unknown}
 g - a scroll of fog {unknown}
 k - a scroll of identify {unknown}
Potions
 d - a potion of lignification
Books
 c - the Disquisition on Illusion

   Spells                             Type                      Level
   a - Summon Butterflies             Summoning                    1
   b - Call Canine Familiar           Summoning                    3
Comestibles
 f - a bread ration


   Skills:
 + Level 3.5 Fighting
   Level 2.4 Long Blades
 + Level 0.5 Maces & Flails
 + Level 2.7 Throwing
 + Level 0.3 Armour
 + Level 1.3 Dodging
   Level 1.3 Ice Magic
   Level 1.0 Poison Magic


You had 2 spell levels left.
You didn't know any spells.

Dungeon Overview and Level Annotations

Branches:
Dungeon (2/15)

Altars:


Innate Abilities, Weirdness & Mutations

You reflexively headbutt those who attack you in melee.
You have a pair of horns on your head.


Message History

The adder is almost dead.
The adder bites you.
* * * LOW HITPOINT WARNING * * *
You completely miss the adder. Your headbutt misses the adder.
The adder is almost dead.
* * * LOW HITPOINT WARNING * * *
You feel sick. The adder bites you but does no damage.
The adder completely misses you. You furiously retaliate!
You headbutt the adder, but do no damage.
You barely miss the adder.
The adder is almost dead.
The adder bites you but does no damage. x2
You barely miss the adder.
The adder is almost dead.
* * * LOW HITPOINT WARNING * * *
You feel sick. The adder bites you but does no damage.
You hit the adder. Your headbutt misses the adder.
The adder is almost dead.
The adder bites you.
You die...

#....((# ##.###.# #
#<## #.# .#..# #.#
...## #(# ##.# #.#
#.# #)# #S#
#.######### ##@##
#.......... ##...##
####.###.## ##.....##
#.# #.# ##.......##
##.###.#
#.........####......#
+.........+.......###
#.........####...##
##.......## ##..#####
##....^## #.......


You could see an adder.

Vanquished Creatures
  An adder (D:2)
  An ooze (D:1)
  A worm (D:2)
  2 giant cockroaches
  4 goblins
  4 hobgoblins (D:1)
  2 kobolds (D:1)
  2 frilled lizards (D:1)
  3 rats (D:1)
20 creatures vanquished.

Notes
Turn   | Place    | Note
-------+----------+-------------------------------------------
     0 | D:1      | slep the Minotaur Wanderer began the quest for the Orb.
     0 | D:1      | slep set off with: a curare-tipped needle, a +2 blowgun, the Disquisition on Illusion, a potion of lignification, a +0 robe, a bread ration
     0 | D:1      | Reached XP level 1. HP: 18/18 MP: 0/0
   149 | D:1      | Reached skill level 3 in Fighting
   227 | D:1      | Reached XP level 2. HP: 14/26 MP: 1/1
   664 | D:2      | Reached XP level 3. HP: 19/31 MP: 2/2
   696 | D:2      | HP: 1/31 [poisoned by an adder]
   697 | D:2      | Slain by an adder

Vault maps used:
D:1:      lightli_arrival_windingriver

Skill      XL: |  1 |
---------------+----+-----
Fighting       | 3 |  3.5
Long Blades    | |  2.4
Maces & Flails | |  0.5
Throwing       | |  2.7
Armour         | |  0.3
Dodging        | |  1.3
Ice Magic      | |  1.3
Poison Magic   | |  1.0

Action                   || total
-------------------------++-------
Melee: Club              ||    60
       Blowgun           ||     5
       Headbutt          ||    12
 Fire: Blowgun           ||     3
Armor: Robe              ||     2
       Ring mail         ||    22
Dodge: Dodged            ||    30

Table legend:
 A = Spawn XP
 B = Non-spawn XP
 C = Spawn XP percentage of total XP
 D = Spawn monster count
 E = Non-spawn monster count
 F = Spawn count percentage of total count
 G = Total turns spent on level
                    A         B        C        D         E        F      G
               +---------+---------+-------+---------+---------+-------+---------
         Total |       0 |      53 |   0.0 |       0 |      20 |   0.0 |   697
               +---------+---------+-------+---------+---------+-------+---------
           D:1 |       0 |      32 |   0.0 |       0 |      16 |   0.0 |   587
           D:2 |       0 |      21 |   0.0 |       0 |       4 |   0.0 |   110
               +---------+---------+-------+---------+---------+-------+---------
